[Event "5th EFE Metz Festival IM 2019"]
[Site "Metz"]
[Date "2019.07.22"]
[Round "1.3"]
[White "Delorme, Alban"]
[Black "Villegas, Pierre"]
[Result "0-1"]
[ECO "D02"]
[WhiteElo "2327"]
[BlackElo "2349"]
[Annotator "NA"]
[PlyCount "80"]
[EventDate "2019.07.22"]
[EventType "tourn"]
[EventCountry "FRA"]
[SourceTitle "playchess.com"]
[Source "ChessBase"]
[SourceQuality "1"]
[TimeControl "5400+30"]

1. Nf3 d5 2. d4 Nf6 3. g3 e6 4. Bg2 Be7 5. O-O O-O 6. c4 dxc4 7. Qc2 a6 8. a4 c5 9. Rd1 Nc6 10. Qxc4 b5 11. Qc2 Nb4 12. Qb3 c4 13. Qc3 Bb7 14. Bf4 Be4 15. Ne1 Nbd5 16. Qc1 Nxf4 17. Qxf4 Bxg2 18. Kxg2 b4 19. e4 a5 20. Nc2 Nd7 21. d5 Nc5 22. d6 Nd3 23. Rxd3 Bg5 24. Qf3 cxd3 25. Qxd3 Bf6 26. Nd2 Bxb2 27. Rb1 Bc3 28. Nc4 Rc8 29. N2e3 Rc5 30. d7 Qc7 31. Rd1 Rd8 32. f4 Bf6 33. f5 Bg5 34. fxe6 fxe6 35. h4 Bxe3 36. Nxe3 h6 37. e5 Qxe5 38. Qg6 Qxe3 39. Qe8+ Kh7 40. Rf1 Qd2+ 0-1

[Event "5th EFE Metz Festival IM 2019"]
[Site "Metz"]
[Date "2019.07.22"]
[Round "1.4"]
[White "Philippe, Guillaume"]
[Black "Mouhamad, Joachim"]
[Result "0-1"]
[ECO "A48"]
[WhiteElo "2344"]
[BlackElo "2302"]
[Annotator "NA"]
[PlyCount "98"]
[EventDate "2019.07.22"]
[EventType "tourn"]
[EventCountry "FRA"]
[SourceTitle "playchess.com"]
[Source "ChessBase"]
[SourceQuality "1"]
[TimeControl "5400+30"]

1. d4 Nf6 2. Nf3 g6 3. e3 Bg7 4. Be2 O-O 5. O-O d6 6. c4 Nbd7 7. Nc3 Re8 8. Re1 e5 9. b4 e4 10. Nd2 Nf8 11. a4 h5 12. a5 N8h7 13. c5 d5 14. a6 bxa6 15. Bxa6 Bg4 16. Qb3 Be6 17. Bb7 Rb8 18. Bc6 Ng4 19. Nf1 Qh4 20. Ra2 Red8 21. Qd1 Rxb4 22. f3 exf3 23. gxf3 Ng5 24. Ree2 Nxf3+ 25. Kh1 Rc4 26. Rec2 Rxc3 27. Qxf3 Rxc2 28. Rxc2 Bf5 29. Qe2 Bxc2 30. Qxc2 Qf6 31. Bb5 Rb8 32. Qe2 c6 33. Ba6 Rb1 34. Bd2 Bh6 35. Kg2 Qe6 36. h3 Nf6 37. Be1 Rb3 38. Bd3 Ne4 39. Qc2 Rxd3 40. Qxd3 Ng5 41. Bg3 Qxh3+ 42. Kg1 h4 43. Bf4 Qg4+ 44. Kf2 Nh3+ 45. Ke1 Nxf4 46. exf4 Bxf4 47. Kf2 h3 48. Ne3 Qg3+ 49. Kf1 Qf3+ 0-1

[Event "5th EFE Metz Festival IM 2019"]
[Site "Metz"]
[Date "2019.07.22"]
[Round "1.5"]
[White "Micottis, Dorian"]
[Black "Vedder, Richard"]
[Result "1/2-1/2"]
[ECO "C77"]
[WhiteElo "2226"]
[BlackElo "2286"]
[Annotator "NA"]
[PlyCount "67"]
[EventDate "2019.07.22"]
[EventType "tourn"]
[EventCountry "FRA"]
[SourceTitle "playchess.com"]
[Source "ChessBase"]
[SourceQuality "1"]
[TimeControl "5400+30"]

1. e4 e5 2. Nf3 Nc6 3. Bb5 a6 4. Ba4 Nf6 5. d3 d6 6. c4 g6 7. Nc3 Bg7 8. Nd5 Bd7 9. h3 Nxd5 10. cxd5 Ne7 11. Be3 c6 12. dxc6 Bxc6 13. O-O O-O 14. Bxc6 Nxc6 15. d4 exd4 16. Nxd4 Re8 17. Nxc6 bxc6 18. Qa4 d5 19. Rad1 Rxe4 20. Qxc6 Re6 21. Qxd5 Qxd5 22. Rxd5 Bxb2 23. Rb1 Bf6 24. Rb7 Rae8 25. Rdd7 R6e7 26. Rxe7 Rxe7 27. Rb6 Re6 28. Rxe6 fxe6 29. Kf1 Kf7 30. Ke2 Ke7 31. Bc5+ Kd7 32. Kd3 Kc6 33. Kc4 h5 34. g4 1/2-1/2

[Event "5th EFE Metz Festival IM 2019"]
[Site "Metz"]
[Date "2019.07.23"]
[Round "2.1"]
[White "Ravi, Teja S."]
[Black "Delorme, Alban"]
[Result "1-0"]
[ECO "D00"]
[WhiteElo "2410"]
[BlackElo "2327"]
[Annotator "NA"]
[PlyCount "97"]
[EventDate "2019.07.22"]
[EventType "tourn"]
[EventCountry "FRA"]
[SourceTitle "playchess.com"]
[Source "ChessBase"]
[SourceQuality "1"]
[TimeControl "5400+30"]

1. d4 d5 2. Bf4 Nf6 3. e3 e6 4. Nf3 Bd6 5. Bxd6 cxd6 6. c4 {[%emt 0:00:26] D02: 1 d4 d5 2 Nf3 sidelines, including 2...Nf6 3 g3 and 2...Nf6 3 Bf4} dxc4 (6... O-O 7. Nc3 dxc4 8. Bxc4 d5 9. Bd3 Nc6 10. O-O Qd6 11. Rc1 Bd7 12. Nb5 Qb8 13. a3 Rc8 {1-0 (48) Nabaty,T (2669)-Korobov,A (2699) Israel 2019}) 7. Bxc4 O-O 8. O-O b6 9. Nc3 Bb7 10. Qe2 Nc6 $146 ({Predecessor:} 10... Nbd7 11. h3 Rc8 12. Ba6 Qc7 13. Rac1 Bxa6 14. Qxa6 {1-0 (29) Prie,E (2518)-Mohota,N (2332) Creon 2007}) 11. Rac1 e5 12. Ba6 Bxa6 13. Qxa6 exd4 14. Nb5 Nb4 15. Qa3 a5 $1 16. Nbxd4 Qd7 17. Qb3 Ne4 18. a3 Nc5 19. Qc4 Nbd3 20. Rc2 Rac8 21. Rd1 Ne5 22. Qd5 Rfe8 23. Nxe5 Rxe5 24. Qc4 Ree8 25. Qb5 Qb7 26. h3 g6 27. b4 axb4 28. axb4 Ne4 29. Rdc1 Kg7 30. Rc6 Rxc6 31. Qxc6 (31. Nxc6 $16 h6 32. Qd3) 31... Qe7 32. Rc2 Qe5 $18 (32... h5 $16 {was called for.}) 33. Ra2 b5 34. Nxb5 Rb8 35. Ra5 Qf5 36. f3 Nf6 37. Nxd6 Qb1+ 38. Kh2 Qxb4 39. Ra6 Nh5 40. Ra7 Qe1 41. Rxf7+ Kg8 42. Ne4 Kxf7 43. Qc7+ Ke6 44. Qxb8 Qxe3 45. Qe8+ Kd5 46. Nf6+ Kd4 47. Qxe3+ Kxe3 48. Nxh5 gxh5 49. Kg3 1-0

[Event "5th EFE Metz Festival IM 2019"]
[Site "Metz"]
[Date "2019.07.23"]
[Round "2.2"]
[White "Villegas, Pierre"]
[Black "Maurizzi, Marc Andria"]
[Result "1/2-1/2"]
[ECO "E20"]
[WhiteElo "2349"]
[BlackElo "2412"]
[Annotator "ChessBase"]
[PlyCount "96"]
[EventDate "2019.07.22"]
[EventType "tourn"]
[EventCountry "FRA"]
[SourceTitle "playchess.com"]
[Source "ChessBase"]
[SourceQuality "1"]
[TimeControl "5400+30"]

1. d4 Nf6 2. c4 e6 3. Nc3 Bb4 4. f3 c5 5. d5 exd5 6. cxd5 O-O 7. e4 Re8 8. Nge2 b5 9. Bd2 Bxc3 10. bxc3 d6 11. Ng3 a6 12. Be2 Nbd7 13. a4 Rb8 14. axb5 axb5 15. O-O Ne5 16. Qc2 Nc4 17. Bxc4 bxc4 18. Bg5 h6 19. Bxf6 Qxf6 20. Qa4 Qd8 21. Rfb1 Rxb1+ 22. Rxb1 Bd7 23. Qa7 Bc8 24. Rb8 g6 25. Qa8 Kf8 26. Nf1 Kg7 27. Qc6 f5 28. exf5 gxf5 29. Rb6 Re1 30. Qxd6 Qxd6 31. Rxd6 f4 32. Kf2 Rc1 33. g4 fxg3+ 34. hxg3 Rc2+ 35. Ke1 Rxc3 36. Rc6 Bh3 37. Nd2 Rc1+ 38. Ke2 c3 39. Nb3 Rb1 40. Rc7+ Kf8 41. Nxc5 c2 42. Nd7+ Bxd7 43. Rxc2 Ke7 44. g4 Kd6 45. Ke3 Rh1 46. Rd2 Re1+ 47. Kf4 Re5 48. Rh2 Rxd5 1/2-1/2

[Event "5th EFE Metz Festival IM 2019"]
[Site "Metz"]
[Date "2019.07.23"]
[Round "2.3"]
[White "Mouhamad, Joachim"]
[Black "Micottis, Dorian"]
[Result "1-0"]
[ECO "B18"]
[WhiteElo "2302"]
[BlackElo "2226"]
[Annotator "ChessBase"]
[PlyCount "65"]
[EventDate "2019.07.22"]
[EventType "tourn"]
[EventCountry "FRA"]
[SourceTitle "playchess.com"]
[Source "ChessBase"]
[SourceQuality "1"]
[TimeControl "5400+30"]

1. e4 c6 2. d4 d5 3. Nc3 dxe4 4. Nxe4 Bf5 5. Ng3 Bg6 6. h4 h6 7. Nf3 e6 8. Ne5 Bh7 9. Bd3 Bxd3 10. Qxd3 Nd7 11. f4 Be7 12. Bd2 Nxe5 13. fxe5 Bxh4 14. O-O-O Bxg3 15. Qxg3 Ne7 16. Qxg7 Rg8 17. Qxh6 Qd5 18. Kb1 O-O-O 19. Qf6 Nf5 20. Rh7 Rd7 21. Rxf7 Rxg2 22. Rxd7 Qxd7 23. Bc1 Kc7 24. Qf8 Qd5 25. Qf7+ Kb6 26. Rd3 Nxd4 27. Be3 c5 28. Bxd4 cxd4 29. Rb3+ Ka6 30. Qf1+ Ka5 31. a4 Kxa4 32. Qf8 Qxb3 33. cxb3+ 1-0

[Event "5th EFE Metz Festival IM 2019"]
[Site "Metz"]
[Date "2019.07.23"]
[Round "2.4"]
[White "Kurayan, Ruslan"]
[Black "Vedder, Richard"]
[Result "1/2-1/2"]
[ECO "C45"]
[WhiteElo "2376"]
[BlackElo "2286"]
[Annotator "ChessBase"]
[PlyCount "124"]
[EventDate "2019.07.22"]
[EventType "tourn"]
[EventCountry "FRA"]
[SourceTitle "playchess.com"]
[Source "ChessBase"]
[SourceQuality "1"]
[TimeControl "5400+30"]

1. e4 e5 2. Nf3 Nc6 3. d4 exd4 4. Nxd4 Nf6 5. Nxc6 bxc6 6. e5 Qe7 7. Qe2 Nd5 8. c4 Ba6 9. g3 g6 10. b3 Bg7 11. Bb2 O-O 12. Bg2 Rfe8 13. O-O Nb6 14. f4 d5 15. Nd2 f6 16. Rae1 fxe5 17. fxe5 Nd7 18. Nf3 dxc4 19. Nd4 Qc5 20. b4 Qb6 21. Bc3 Rxe5 22. Qd2 Rae8 23. Rxe5 Nxe5 24. Kh1 Bc8 25. Nxc6 Nxc6 26. Bd5+ Kh8 27. Rf6 Be6 28. Bxe6 Nd8 29. Qd7 Qc6+ 30. Qxc6 Nxc6 31. Bxc4 Nxb4 32. Bb3 c5 33. g4 h6 34. Rf3 Bxc3 35. Rxc3 Re5 36. Rf3 Re7 37. Rf8+ Kg7 38. Rc8 Nd3 39. Kg2 g5 40. Rg8+ Kf6 41. Rh8 Ke5 42. Rxh6 Kf4 43. Rf6+ Ke3 44. Rf5 Re5 45. Bc4 Rxf5 46. gxf5 Nf4+ 47. Kg3 Kd4 48. h4 Ke5 49. hxg5 Kxf5 50. Kh4 Ne6 51. Bxe6+ Kxe6 52. Kg4 Kf7 53. Kf5 c4 54. Ke4 Kg6 55. Kd4 c3 56. Kxc3 Kxg5 57. Kb4 Kf5 58. Kb5 Ke5 59. Ka6 Kd5 60. Kxa7 Kc5 61. a4 Kb4 62. a5 Kxa5 1/2-1/2

[Event "5th EFE Metz Festival IM 2019"]
[Site "Metz"]
[Date "2019.07.23"]
[Round "2.5"]
[White "Harutyunyan, Ruben"]
[Black "Philippe, Guillaume"]
[Result "1/2-1/2"]
[ECO "B41"]
[WhiteElo "2326"]
[BlackElo "2344"]
[Annotator "NA"]
[PlyCount "63"]
[EventDate "2019.07.22"]
[EventType "tourn"]
[EventCountry "FRA"]
[SourceTitle "playchess.com"]
[Source "ChessBase"]
[SourceQuality "1"]
[TimeControl "5400+30"]

1. e4 c5 2. Nf3 e6 3. d4 cxd4 4. Nxd4 a6 5. c4 Nf6 6. Nc3 d6 7. Be2 Qc7 8. O-O b6 9. Be3 Bb7 10. f3 Nbd7 11. Qd2 Be7 12. Rfc1 O-O 13. a4 {[%emt 0:00:04] B41: Sicilian: Kan Variation: 5 c4} (13. b4 Rac8 14. Nb3 Qb8 15. Bf1 Rfe8 16. Qf2 Bd8 17. Na4 Ba8 18. c5 b5 19. Nc3 Bc7 20. g3 dxc5 21. Nxc5 Nxc5 22. bxc5 {1-0 (45) Nepomniachtchi,I (2729)-Ponkratov,P (2613) Riadh 2017}) 13... Rab8 14. b4 Rfc8 15. Rab1 Qd8 16. Nb3 $146 ({Predecessor:} 16. Nc2 Qf8 17. Kh1 Kh8 18. Bf2 Rd8 19. Rd1 Ba8 {0-1 (42) Georgiadis,N (2291)-Rapport,R (2543) Caleta 2012}) 16... Ne5 (16... d5 $11) 17. c5 bxc5 18. bxc5 Nc6 19. Rd1 Ne8 20. cxd6 Bxd6 21. Nc5 Qc7 22. Nxb7 Rxb7 23. Bxa6 Rxb1 24. Rxb1 Bxh2+ 25. Kf1 Rd8 26. Qc1 Qe7 27. Ne2 Ne5 $16 28. Rb7 Qd6 29. Rb6 Qe7 30. Rb7 Qd6 31. Rb6 Qe7 32. a5 1/2-1/2

[Event "5th EFE Metz Festival IM 2019"]
[Site "Metz"]
[Date "2019.07.23"]
[Round "3.2"]
[White "Delorme, Alban"]
[Black "Kurayan, Ruslan"]
[Result "0-1"]
[ECO "B78"]
[WhiteElo "2327"]
[BlackElo "2376"]
[Annotator "NA"]
[PlyCount "40"]
[EventDate "2019.07.22"]
[EventType "tourn"]
[EventCountry "FRA"]
[SourceTitle "playchess.com"]
[Source "ChessBase"]
[SourceQuality "1"]
[TimeControl "5400+30"]

1. e4 c5 2. Nf3 d6 3. d4 Nf6 4. Nc3 cxd4 5. Nxd4 g6 6. Be3 Bg7 7. f3 O-O 8. Bc4 Nc6 9. Qd2 Bd7 10. O-O-O Rb8 11. Nxc6 bxc6 12. g4 Be6 13. Bb3 c5 14. e5 Nd7 15. exd6 exd6 16. Bxe6 fxe6 17. Qxd6 Qa5 18. Qxe6+ Kh8 19. Rxd7 Rxb2 20. Nd1 Rxa2 0-1

[Event "5th EFE Metz Festival IM 2019"]
[Site "Metz"]
[Date "2019.07.23"]
[Round "3.5"]
[White "Vedder, Richard"]
[Black "Mouhamad, Joachin"]
[Result "1/2-1/2"]
[ECO "D85"]
[WhiteElo "2286"]
[BlackElo "2302"]
[Annotator "NA"]
[PlyCount "79"]
[EventDate "2019.07.22"]
[EventType "tourn"]
[EventCountry "FRA"]
[SourceTitle "playchess.com"]
[Source "ChessBase"]
[SourceQuality "1"]
[TimeControl "5400+30"]

1. d4 Nf6 2. c4 g6 3. Nc3 d5 4. Nf3 Bg7 5. cxd5 Nxd5 6. e4 Nxc3 7. bxc3 O-O 8. Be3 c5 9. Qd2 Qa5 10. Rb1 cxd4 11. cxd4 Qxd2+ 12. Kxd2 b6 13. Bd3 Ba6 14. a4 Bxd3 15. Kxd3 Nd7 16. a5 Rfd8 17. axb6 Nxb6 18. Rhc1 Rd7 19. Rc6 Rad8 20. d5 f5 21. Bxb6 fxe4+ 22. Kxe4 axb6 23. Rb5 Bf6 24. Rcxb6 Ra7 25. Ne5 Ra2 26. Ng4 Bg7 27. Rb8 Rxb8 28. Rxb8+ Kf7 29. Kf3 h5 30. Ne3 Bc3 31. Rb1 Bd4 32. Rd1 Bc5 33. h3 Kf6 34. g4 Ra3 35. Rc1 hxg4+ 36. hxg4 Ba7 37. Ke4 Ra4+ 38. Rc4 Rxc4+ 39. Nxc4 Bxf2 40. d6 {[%emt 0:01:42] Ke5+} 1/2-1/2

[Event "5th EFE Metz Festival IM 2019"]
[Site "Metz"]
[Date "2019.07.24"]
[Round "4"]
[White "Zienkiewicz, Jan"]
[Black "Pavee, Louis"]
[Result "0-1"]
[ECO "C15"]
[WhiteElo "1804"]
[BlackElo "1830"]
[Annotator "NA RC"]
[PlyCount "104"]
[EventDate "2019.??.??"]
[EventCountry "FRA"]
[SourceTitle "playchess.com"]
[Source "ChessBase"]
[SourceQuality "1"]
[TimeControl "5400+30"]

1. e4 e6 2. d4 d5 3. Nc3 Bb4 4. Nge2 Nc6 5. e5 f6 6. exf6 Nxf6 7. g3 e5 8. a3 Ba5 9. dxe5 Nxe5 10. Bg2 c6 11. O-O O-O 12. Be3 Bg4 13. h3 Bf3 14. Bd4 Nfd7 15. Bxe5 Nxe5 16. Qd4 Qf6 17. Nf4 Bb6 18. Qd2 Rae8 19. Rae1 g5 20. Nd3 Nc4 21. Qc1 Rxe1 22. Qxe1 Bxg2 23. Kxg2 Qf3+ 24. Kh2 Ne3 25. Rg1 Nxc2 26. Qe6+ Qf7 27. Qxf7+ Rxf7 28. Kg2 Bxf2 29. Rc1 Ne3+ 30. Kh2 Nc4 31. Kg2 Bd4 32. Nd1 Kg7 33. a4 Re7 34. Rc2 a5 35. b3 Ne3+ 36. Nxe3 Rxe3 37. Nc1 h6 38. Rd2 Bc3 39. Rd1 Bb2 40. Nd3 Bd4 41. Nf2 c5 42. Nd3 b6 43. Rd2 Kg6 44. g4 h5 45. Rd1 h4 46. Rd2 Bc3 47. Rd1 Re2+ 48. Kf3 Rh2 49. Nc1 Rxh3+ 50. Kf2 Bd4+ 51. Ke2 Rg3 52. Nd3 Rxg4 0-1

[Event "5th EFE Metz Festival IM 2019"]
[Site "Metz"]
[Date "2019.07.25"]
[Round "5.1"]
[White "Maurizzi, Marc Andria"]
[Black "Kurayan, Ruslan"]
[Result "1-0"]
[ECO "B24"]
[WhiteElo "2412"]
[BlackElo "2376"]
[Annotator "NA"]
[PlyCount "89"]
[EventDate "2019.07.22"]
[EventType "tourn"]
[EventCountry "FRA"]
[SourceTitle "playchess.com"]
[Source "ChessBase"]
[SourceQuality "1"]
[TimeControl "5400+30"]

1. e4 c5 2. Nc3 Nc6 3. Nf3 g6 4. Bb5 Nd4 5. Ba4 Bg7 6. O-O Qa5 7. Rb1 b5 8. Nxd4 bxa4 9. Nde2 Nf6 10. d3 O-O 11. b3 axb3 12. axb3 Bb7 13. Bb2 e6 14. Na4 Qc7 15. Qd2 d6 16. Ng3 Bc6 17. Qg5 Qd8 18. e5 h6 19. Qh4 dxe5 20. Nxc5 Qd5 21. Nce4 Nh7 22. c4 Qd7 23. b4 f5 24. b5 Bxe4 25. dxe4 f4 26. Rfd1 Qb7 27. Nf1 Qxe4 28. Qg4 Rae8 29. Nd2 Qc2 30. Ba3 Rf7 31. Rbc1 Qa4 32. Bd6 Ng5 33. h4 h5 34. Qxg5 Kh7 35. Ne4 Rf5 36. Bxe5 Rxg5 37. Nxg5+ Kg8 38. Bxg7 Kxg7 39. Ra1 Qxc4 40. Rxa7+ Kg8 41. Rdd7 Qb4 42. Rg7+ Kh8 43. Kh2 f3 44. Rxg6 Qb1 45. Rgg7 1-0

[Event "5th EFE Metz Festival IM 2019"]
[Site "Metz"]
[Date "2019.07.25"]
[Round "5.2"]
[White "Philippe, Guillaume"]
[Black "Delorme, Alban"]
[Result "0-1"]
[ECO "A04"]
[WhiteElo "2344"]
[BlackElo "2327"]
[Annotator "NA"]
[PlyCount "96"]
[EventDate "2019.07.22"]
[EventType "tourn"]
[EventCountry "FRA"]
[SourceTitle "playchess.com"]
[Source "ChessBase"]
[SourceQuality "1"]
[TimeControl "5400+30"]

1. Nf3 c5 2. e3 g6 3. c4 Bg7 4. Nc3 Nf6 5. Be2 O-O 6. O-O d5 7. d4 cxd4 8. exd4 dxc4 9. Bxc4 Bg4 10. h3 Bxf3 11. Qxf3 Nc6 12. Rd1 Rc8 13. Be3 Qa5 14. Bb3 e6 15. Rac1 Qb4 16. Ne2 Nd5 17. Rc4 Ne5 18. dxe5 Rxc4 19. Bxc4 Qxc4 20. Nc3 Nxc3 21. bxc3 b6 22. Rd7 Qxa2 23. Bd4 a5 24. Qc6 Qe2 25. Qd6 h5 26. Rb7 b5 27. Qc5 Qe1+ 28. Kh2 Bh6 29. h4 Qe4 30. Rxb5 Qxh4+ 31. Kg1 a4 32. Qb4 Qg4 33. Qxa4 h4 34. Rb1 h3 35. Qc6 Qf5 36. Re1 Bd2 37. Rd1 Bf4 38. Qf3 hxg2 39. Re1 Kg7 40. Qe4 Qh5 41. Qxg2 Rh8 42. Kf1 Bd2 43. Re2 Rb8 44. f3 Rb1+ 45. Kf2 Bf4 46. Ra2 Rh1 47. Be3 Qh4+ 48. Ke2 Rh2 0-1

[Event "5th EFE Metz Festival IM 2019"]
[Site "Metz"]
[Date "2019.07.25"]
[Round "5.4"]
[White "Vedder, Richard"]
[Black "Villegas, Pierre"]
[Result "0-1"]
[ECO "A06"]
[WhiteElo "2286"]
[BlackElo "2349"]
[Annotator "NA"]
[PlyCount "100"]
[EventDate "2019.07.22"]
[EventType "tourn"]
[EventCountry "FRA"]
[SourceTitle "playchess.com"]
[Source "ChessBase"]
[SourceQuality "1"]
[TimeControl "5400+30"]

1. Nf3 d5 2. g3 Nf6 3. Bg2 c5 4. O-O Nc6 5. d4 cxd4 6. Nxd4 e5 7. Nxc6 bxc6 8. c4 Be6 9. Qa4 Qd7 10. Nc3 Rc8 11. cxd5 cxd5 12. Qxd7+ Kxd7 13. Rd1 Bc5 14. Nxd5 Nxd5 15. Bxd5 Bxd5 16. Rxd5+ Ke6 17. e4 Rhd8 18. Bd2 Rxd5 19. exd5+ Kxd5 20. Bc3 Bd4 21. Rd1 g5 22. h3 h5 23. Kf1 g4 24. hxg4 hxg4 25. Ke2 Ke4 26. Rc1 f5 27. Bd2 Rxc1 28. Bxc1 f4 29. gxf4 exf4 30. b4 g3 31. f3+ Kd5 32. Kf1 Be3 33. Bb2 Kc4 34. a3 Kb3 35. Be5 Kxa3 36. Bd6 Kb3 37. Kg2 Kc4 38. Kh3 a6 39. Kg2 Bd2 40. Kh3 Kb3 41. Kg2 Bxb4 42. Bxf4 a5 43. Be5 a4 44. f4 a3 45. f5 a2 46. f6 Bd6 47. Ba1 Kc4 48. Kh3 Kd5 49. Kg2 Ke6 50. Kh3 Bc7 0-1

[Event "5th EFE Metz Festival IM 2019"]
[Site "Metz"]
[Date "2019.07.26"]
[Round "7.2"]
[White "Micottis, Dorian"]
[Black "Maurizzi, Marc Andria"]
[Result "1/2-1/2"]
[ECO "B40"]
[WhiteElo "2226"]
[BlackElo "2412"]
[Annotator "NA"]
[PlyCount "72"]
[EventDate "2019.07.22"]
[EventType "tourn"]
[EventCountry "FRA"]
[SourceTitle "playchess.com"]
[Source "ChessBase"]
[SourceQuality "1"]
[TimeControl "5400+30"]

1. e4 c5 2. Nf3 e6 3. d3 Nc6 4. g3 d6 5. Bg2 g6 6. O-O Bg7 7. c3 Nge7 8. Re1 O-O 9. d4 cxd4 10. cxd4 d5 11. e5 Nf5 12. Nc3 f6 13. g4 Nfe7 14. exf6 Rxf6 15. Bg5 Rf7 16. Qd2 Qf8 17. Qe3 h6 18. Bxe7 Qxe7 19. Ne2 Qf6 20. Rac1 Bd7 21. h3 Raf8 22. Rf1 Re7 23. Rcd1 Kh8 24. g5 hxg5 25. Qxg5 Qxg5 26. Nxg5 e5 27. dxe5 Rxe5 28. Rxd5 Rxd5 29. Bxd5 Rf5 30. Nf7+ Kh7 31. Bb3 Nd4 32. Ng3 Nf3+ 33. Kg2 Nh4+ 34. Kg1 Nf3+ 35. Kg2 Nh4+ 36. Kg1 Nf3+ 1/2-1/2

[Event "5th EFE Metz Festival IM 2019"]
[Site "Metz"]
[Date "2019.07.26"]
[Round "7.3"]
[White "Vedder, Richard"]
[Black "Delorme, Alban"]
[Result "1-0"]
[ECO "D31"]
[WhiteElo "2286"]
[BlackElo "2327"]
[Annotator "NA"]
[PlyCount "39"]
[EventDate "2019.07.22"]
[EventType "tourn"]
[EventCountry "FRA"]
[SourceTitle "playchess.com"]
[Source "ChessBase"]
[SourceQuality "1"]
[TimeControl "5400+30"]

1. d4 d5 2. c4 e6 3. Nc3 Be7 4. cxd5 exd5 5. Bf4 Nf6 6. e3 O-O 7. Bd3 b6 8. Rc1 c5 9. Nf3 Bb7 10. Ne5 Ne4 11. dxc5 Nxc3 12. bxc3 bxc5 13. Rb1 Qc8 14. Qh5 f5 15. Rxb7 Qxb7 16. Bxf5 Rxf5 17. Qxf5 Bf6 18. Qe6+ Kf8 19. O-O Na6 20. Nd7+ 1-0

[Event "5th EFE Metz Festival IM 2019"]
[Site "Metz"]
[Date "2019.07.26"]
[Round "7.4"]
[White "Mouhamad, Joachin"]
[Black "Ravi, Teja S."]
[Result "0-1"]
[ECO "B15"]
[WhiteElo "2302"]
[BlackElo "2410"]
[Annotator "NA"]
[PlyCount "96"]
[EventDate "2019.07.22"]
[EventType "tourn"]
[EventCountry "FRA"]
[SourceTitle "playchess.com"]
[Source "ChessBase"]
[SourceQuality "1"]
[TimeControl "5400+30"]

1. e4 c6 2. d4 d5 3. Nc3 dxe4 4. Nxe4 Nf6 5. Nxf6+ exf6 6. c3 Bd6 7. Bd3 O-O 8. Qc2 Re8+ 9. Ne2 h5 10. O-O h4 11. h3 Nd7 12. Bd2 Nf8 13. Rae1 Bd7 14. Qc1 Ng6 15. Qc2 Nf8 16. Qc1 Ng6 17. Nf4 Ne7 18. Qd1 g6 19. Bc4 b5 20. Bb3 Bf5 21. Qf3 Qd7 22. Qd1 Kg7 23. Bc2 Bc7 24. Bxf5 Nxf5 25. Qg4 Kh7 26. Nd3 Rxe1 27. Rxe1 Re8 28. Rxe8 Qxe8 29. Nc5 Kg7 30. Qe4 Qc8 31. Nd3 Bd6 32. Bf4 Be7 33. a3 Qd7 34. Kf1 a5 35. Bd2 c5 36. dxc5 Bxc5 37. Nxc5 Qxd2 38. Nd3 Qd1+ 39. Ne1 Qc1 40. Qc2 Qf4 41. Nf3 a4 42. b3 Nd6 43. bxa4 bxa4 44. Nd4 Ne4 45. Kg1 Nc5 46. Nf3 Qc4 47. Nd2 Qe2 48. f3 Nb3 0-1

[Event "5th EFE Metz Festival IM 2019"]
[Site "Metz"]
[Date "2019.07.26"]
[Round "7.5"]
[White "Harutyunyan, Ruben"]
[Black "Villegas, Pierre"]
[Result "1-0"]
[ECO "A06"]
[WhiteElo "2326"]
[BlackElo "2349"]
[Annotator "NA"]
[PlyCount "61"]
[EventDate "2019.07.22"]
[EventType "tourn"]
[EventCountry "FRA"]
[SourceTitle "playchess.com"]
[Source "ChessBase"]
[SourceQuality "1"]
[TimeControl "5400+30"]

1. Nf3 d5 2. g3 Nf6 3. Bg2 e6 4. O-O c5 5. d3 Nc6 6. Nbd2 g6 7. e4 Bg7 8. Re1 O-O 9. c3 a5 10. e5 Nd7 11. d4 cxd4 12. cxd4 f6 13. exf6 Qxf6 14. Qe2 a4 15. Nf1 Nb6 16. Be3 Nc4 17. Rad1 Nxe3 18. Nxe3 Bd7 19. Rd2 Rfc8 20. Ng4 Qf8 21. Nge5 Nxe5 22. Nxe5 Bxe5 23. Qxe5 Ra6 24. h4 Qf5 25. Qe3 Rac6 26. Kh2 Rc2 27. Ree2 Rxd2 28. Qxd2 b5 29. Bh3 Qf6 30. Re5 b4 31. Kg1 1-0

[Event "5th EFE Metz Festival IM 2019"]
[Site "Metz"]
[Date "2019.07.27"]
[Round "8.1"]
[White "Maurizzi, Marc Andria"]
[Black "Vedder, Richard"]
[Result "1-0"]
[ECO "C48"]
[WhiteElo "2412"]
[BlackElo "2286"]
[Annotator "NA"]
[PlyCount "79"]
[EventDate "2019.07.22"]
[EventType "tourn"]
[EventCountry "FRA"]
[SourceTitle "playchess.com"]
[Source "ChessBase"]
[SourceQuality "1"]
[TimeControl "5400+30"]

1. e4 e5 2. Nf3 Nc6 3. Nc3 Nf6 4. Bb5 Bd6 5. a3 O-O 6. d3 h6 7. h3 Re8 8. Bc4 Bf8 9. g4 Nh7 10. Rg1 g5 11. h4 d6 12. Be3 Be6 13. hxg5 hxg5 14. Qd2 f6 15. O-O-O Bg7 16. Bxe6+ Rxe6 17. d4 Re8 18. dxe5 dxe5 19. Qe2 Qe7 20. Nd5 Qf7 21. Rh1 Nd8 22. Rh5 Ne6 23. Rdh1 Nhf8 24. Qf1 c6 25. Nc3 Ng6 26. Kb1 Red8 27. Ne2 Rd7 28. Ng3 Rad8 29. Nf5 Bf8 30. Bc1 Rd1 31. Qxd1 Rxd1 32. Rxd1 Nc5 33. Rd8 Qc7 34. Ra8 Nxe4 35. Rh6 Nxf2 36. Rxg6+ Kf7 37. Rxf6+ Kxf6 38. Rxf8+ Ke6 39. Nxg5+ Kd5 40. Ne3+ 1-0

[Event "5th EFE Metz Festival IM 2019"]
[Site "Metz"]
[Date "2019.07.27"]
[Round "8.4"]
[White "Philippe, Guillaume"]
[Black "Micottis, Dorian"]
[Result "1-0"]
[ECO "A05"]
[WhiteElo "2344"]
[BlackElo "2226"]
[Annotator "NA"]
[PlyCount "127"]
[EventDate "2019.07.22"]
[EventType "tourn"]
[EventCountry "FRA"]
[SourceTitle "playchess.com"]
[Source "ChessBase"]
[SourceQuality "1"]
[TimeControl "5400+30"]

1. Nf3 Nf6 2. e3 g6 3. b4 Bg7 4. Bb2 O-O 5. c4 d6 6. Be2 e5 7. d3 e4 8. dxe4 Nxe4 9. Qc1 a5 10. b5 Nd7 11. Nbd2 Ndc5 12. Nxe4 Nxe4 13. O-O Re8 14. Rd1 Bd7 15. Bxg7 Kxg7 16. Qb2+ Qf6 17. Qxf6+ Kxf6 18. Rac1 b6 19. Nd4 Rac8 20. Bf3 Nc5 21. Nb3 Nxb3 22. axb3 Bf5 23. Rd4 Re5 24. Bc6 Rd8 25. e4 Bd7 26. Bd5 Ree8 27. f4 Kg7 28. Re1 f6 29. Kf2 Be6 30. Kf3 Re7 31. g4 g5 32. f5 Bxd5 33. cxd5 h6 34. Rc4 Rdd7 35. b4 axb4 36. Rxb4 Re8 37. Ra1 Rf7 38. Rc4 Ree7 39. Rc6 Rd7 40. Ra7 Rde7 41. Rb7 Rd7 42. Rc4 Rde7 43. Ra4 Rf8 44. Raa7 Rff7 45. Rb8 h5 46. gxh5 Kh6 47. Raa8 Rh7 48. Rf8 Ref7 49. Rxf7 Rxf7 50. Rg8 Kh7 51. Rg6 Rf8 52. Kg4 Rf7 53. h4 gxh4 54. Kxh4 Rf8 55. h6 Rf7 56. Kh5 Kh8 57. Rg1 Kh7 58. Ra1 Re7 59. Ra7 Rxe4 60. Rxc7+ Kg8 61. Kg6 Rg4+ 62. Kxf6 Rb4 63. Rb7 Rh4 64. Ke6 1-0

[Event "5th EFE Metz Festival IM 2019"]
[Site "Metz"]
[Date "2019.07.27"]
[Round "8.5"]
[White "Kurayan, Ruslan"]
[Black "Villegas, Pierre"]
[Result "1/2-1/2"]
[ECO "B13"]
[WhiteElo "2376"]
[BlackElo "2349"]
[Annotator "NA"]
[PlyCount "74"]
[EventDate "2019.07.22"]
[EventType "tourn"]
[EventCountry "FRA"]
[SourceTitle "playchess.com"]
[Source "ChessBase"]
[SourceQuality "1"]
[TimeControl "5400+30"]

1. e4 c6 2. d4 d5 3. exd5 cxd5 4. c4 Nf6 5. Nc3 Nc6 6. cxd5 Nxd5 7. Nf3 e6 8. Bd3 Be7 9. O-O O-O 10. Re1 Nf6 11. Bg5 b6 12. a3 Bb7 13. Bc2 Rc8 14. Qd3 g6 15. Bh6 Re8 16. Rad1 Qd6 17. Bb1 Red8 18. Ba2 Ng4 19. Bc1 Qb8 20. d5 Bc5 21. Ne4 Nce5 22. Nxe5 Qxe5 23. Qg3 Qxg3 24. hxg3 Bxd5 25. Bxd5 Rxd5 26. Rxd5 exd5 27. Nxc5 Rxc5 28. f3 Ne5 29. Bg5 Nd7 30. Re7 f6 31. Bh6 Ne5 32. Rxa7 g5 33. Rg7+ Kh8 34. Rb7 Kg8 35. Rg7+ Kh8 36. Re7 Kg8 37. Rg7+ Kh8 1/2-1/2